 Dungeon Crawl Stone Soup version 0.28.0-53-g5a82cb258f (webtiles) character file.

Game seed: 2519222677541111455

14369 issech the Basher (level 11, -9/90 HPs)
             Began as a Minotaur Monk on June 10, 2022.
             Was an Elder of Hepliaklqana.
             Killed from afar by Frances (32 damage)
             ... with an iron shot
             ... on level 12 of the Dungeon on June 11, 2022.
             The game lasted 00:55:57 (14286 turns).

issech the Basher (Minotaur Monk)                  Turns: 14286, Time: 00:55:58

Health: -9/90      AC: 22    Str: 16    XL:     11   Next: 87%
Magic:  10/10      EV:  8    Int:  7    God:    Hepliaklqana [****..]
Gold:   706        SH:  0    Dex: 17    Spells: 10/10 levels left

rFire   . . .      SeeInvis .   K - +2 dire flail (vorpal)
rCold   . . .      Faith    .   (shield currently unavailable)
rNeg    . . .      Spirit   .   i - +1 plate armour
rPois   .          Reflect  .   (helmet restricted)
rElec   .          Harm     .   F - scarf {repulsion}
rCorr   .          Rampage  .   (no gloves)
Will    .....                   X - +1 pair of boots
Stlth   ..........              H - amulet of magic regeneration
HPRegen 0.25/turn               t - +4 ring of protection
MPRegen 0.52/turn               r - +4 ring of slaying

@: repel missiles
A: reduced essence, horns 2, retaliatory headbutt
a: Renounce Religion, Recall Ancestor, Ancestor Identity, Transference, Idealise


You were on level 12 of the Dungeon.
You worshipped Hepliaklqana.
Hepliaklqana was greatly pleased with you.
You visited 2 branches of the dungeon, and saw 13 of its levels.

You collected 706 gold pieces.

Inventory:

Hand Weapons
 c - a +2 war axe of electrocution
 h - a +1 vampiric war axe
 D - a +3 dagger of venom
 E - a +0 fustibalus
 K - a +2 vorpal dire flail (weapon)
 N - a +5 falchion
 R - a +2 great sword
 T - a +2 shortbow of flaming
Missiles
 d - 334 stones
 e - 51 poisoned darts
 g - 63 sling bullets
 o - 176 arrows
 I - 2 curare-tipped darts
 O - 9 boomerangs (quivered)
 P - 2 silver boomerangs
Armour
 i - a +1 plate armour (worn)
 y - a +0 cloak
 F - a scarf of repulsion (worn)
 Q - a +0 buckler
 U - the +1 plate armour of Leomo {+Blink rElec Str-5 Int-4}
   (You found it on level 9 of the Dungeon)

   Str:       It affects your strength (-5).
   Int:       It affects your intelligence (-4).
   rElec:     It insulates you from electricity.
   +Blink:    It lets you blink.
 X - a +1 pair of boots (worn)
 Y - the +3 leather armour "Dauriduv" {Will+ Regen+ rCorr Str+4}
   (You found it on level 10 of the Dungeon)

   Str:       It affects your strength (+4).
   Regen:     It increases your rate of health regeneration.
   rCorr:     It protects you from acid and corrosion.
   Will:      It increases your willpower.
Jewellery
 j - a ring of ice
 k - a ring of willpower
 r - a +4 ring of slaying (right hand)
 s - a ring of magical power
 t - a +4 ring of protection (left hand)
 H - an amulet of magic regeneration (around neck)
Wands
 q - a wand of polymorph (4)
 M - a wand of acid (6)
 V - a wand of flame (9)
 W - a wand of mindburst (5)
 Z - a wand of digging (4)
Scrolls
 b - a scroll of magic mapping
 f - a scroll of silence
 l - 8 scrolls of teleportation
 n - a scroll of enchant armour
 G - 2 scrolls of amnesia
 J - 2 scrolls of enchant weapon
Potions
 a - 2 potions of invisibility {unknown}
 m - 2 potions of might
 p - 2 potions of berserk rage {unknown}
 u - 3 potions of brilliance {unknown}
 v - 3 potions of degeneration {unknown}
 w - 2 potions of cancellation {unknown}
 x - 4 potions of haste {unknown}
 z - 2 potions of attraction {unknown}
 A - 3 potions of ambrosia {unknown}
 B - a potion of mutation {unknown}
 C - a potion of curing {unknown}
 L - 2 potions of heal wounds {unknown}
 S - a potion of magic


   Skills:
 + Level 10.2 Fighting
 + Level 4.3(5.6) Short Blades
 + Level 5.9(6.7) Long Blades
 + Level 4.8(9.1) Axes
 + Level 12.0(12.4) Maces & Flails
 + Level 1.8(2.8) Slings
 + Level 6.1 Bows
 + Level 3.0(3.2) Throwing
 + Level 11.2 Armour
 + Level 5.5 Dodging
 + Level 2.8 Stealth


You had 10 spell levels left.
You didn't know any spells.
Your spell library contained the following spells:

 Spells                   Type           Power      Damage    Failure   Level
 Magic Dart               Conj           0%         1d3       100%        1
 Searing Ray              Conj           0%         2d4       100%        2
 Gell's Gravitas          Tloc           0%         N/A       100%        3
 Lesser Beckoning         Tloc           0%         N/A       100%        3
 Summon Guardian Golem    Hex/Summ       0%         N/A       100%        3
 Teleport Other           Tloc           0%         N/A       100%        3
 Fulminant Prism          Conj/Hex       0%         3d6       100%        4
 Dispersal                Tloc           0%         N/A       100%        6
 Orb of Destruction       Conj           0%         9d5       100%        7
 Spellforged Servitor     Conj/Summ      0%         N/A       100%        7


Dungeon Overview and Level Annotations

Branches:
Dungeon (12/15)            Temple (1/1) D:5            Lair (0/6) D:11
    Orc (0/2) D:11

Altars:
Ashenzari
Cheibriados
Dithmenos
Elyvilon
Fedhas
Gozag
Hepliaklqana
Kikubaaqudgha
Makhleb
Nemelex Xobeh
Okawaru
Qazlal
Ru
Sif Muna
Trog
Uskayaw
Vehumet
Wu Jian
Xom
Yredelemnul
Zin
The Shining One
Beogh

Shops:
D:4 =   D:7 (   D:8 :

Annotations:
D:12 Frances


Innate Abilities, Weirdness & Mutations

Your life essence is reduced to manifest your ancestor. (-10% HP)
You have a pair of horns on your head.
You reflexively headbutt those who attack you in melee.


Message History

Frances, Duchess of Pandemonium comes into view.
She is wielding a +0 battleaxe.
Found a scroll labelled ROKLUNL XOTWEY.
Frances shouts!
Frances chants phrases taken from a devil's mouth.
You swap places.
You swap places.
Frances chants phrases taken from a devil's mouth.
The iron shot hits you!!
You hit Frances.
Frances is lightly wounded.
Frances hits you with a +0 battleaxe!
You thump Frances!
Frances is lightly wounded.
You barely miss Frances.
Frances is lightly wounded.
Frances hits you with a +0 battleaxe!
You puncture Frances!
Frances is lightly wounded.
You puncture Frances!
Frances is moderately wounded.
Frances hits you with a +0 battleaxe.
You impale Frances!!
Frances is heavily wounded.
Frances whispers indecipherable words.
Frances seems to speed up.
You sock Frances! You headbutt Frances!
Frances is severely wounded.
Frances hits you with a +0 battleaxe!
You puncture Frances! Your headbutt misses Frances.
Frances is severely wounded.
Frances hits you with a +0 battleaxe!
* * * LOW HITPOINT WARNING * * *
You puncture Frances! You headbutt Frances!
Frances is almost dead.
Frances hits you but does no damage.
You puncture Frances! Your headbutt misses Frances.
Frances is almost dead.
Frances mutters in a terrible tongue.
The iron shot hits you!!
You die...

.# .# #####
########.#####.
....#
..?.@4.........
.##.# #####@..#
.##.##
#.....#.#
.#...#
#4###...# ..#.#
#@# #####
..#.##.# #@#
..>...... #R#
..#.##.## #.#
..#.#
########.#
.#...#
#........#
.##.##
#.########
>##.# #.# .##.#
#.# ###.# ##.##


You could see the friendly Titus the battlemage, Frances (fast, ally target) and
a hellwing (summoned).

Vanquished Creatures
  A two-headed ogre (D:11)
  An orc knight (D:11)
  2 cyclopes
  2 manticores (D:11)
  A centaur zombie (D:11)
  An unseen horror (D:11)
  The ghost of trickyswaf the Chopper, an amateur MiFi of Fedhas (D:4)
  A troll (D:12)
  2 wraiths
  12 yaks
  Menkaure (D:7)
  2 acid dragons (D:11)
  An ice beast (D:5)
  2 black bears
  2 sky beasts
  8 orc warriors (D:11)
  5 ogres
  5 centaurs
  2 kobold brigands
  A bullfrog (D:7)
  2 scorpions (D:5)
  A water moccasin zombie (D:5)
  3 wights (D:8)
  2 killer bees (D:8)
  2 jellies (D:5)
  7 orc priests
  A centaur skeleton (D:6)
  2 hounds
  A gnoll shaman (D:8)
  6 orc wizards
  A howler monkey zombie (D:8)
  13 gnolls
  4 adders
  A white imp (D:5)
  An ufetubus (D:5)
  An adder skeleton (D:5)
  A worm (D:5)
  9 dart slugs
  31 orcs
  4 ball pythons
  8 endoplasms
  5 goblins
  8 hobgoblins
  2 jackals (D:5)
  2 quokkas (D:1)
  4 bats
  2 frilled lizards
  15 kobolds
  A quokka skeleton (D:4)
  4 rats
197 creatures vanquished.

Vanquished Creatures (collateral kills)
  Maurice (D:9)
  A gargoyle (D:10)
  A hornet (D:11)
  2 trolls
  A centaur simulacrum (D:9)
  A vampire (D:10)
  7 yaks
  A warg (D:11)
  2 acid dragons (D:10)
  A water moccasin (D:7)
  A hornet zombie (D:6)
  7 orc warriors
  2 sky beasts
  2 black bears (D:7)
  A centaur (D:9)
  An ogre (D:6)
  2 bullfrogs
  A kobold brigand (D:7)
  A water moccasin skeleton (D:6)
  2 killer bees (D:8)
  5 wights (D:8)
  A jelly (D:8)
  4 orc priests
  An iguana (D:7)
  2 orc wizards
  6 gnolls
  An adder (D:4)
  A white imp (D:7)
  An ufetubus (D:7)
  13 orcs
  6 kobolds
79 creatures vanquished.

Vanquished Creatures (others)
  3 battlemagi
  13 plants
16 creatures vanquished.

Grand Total: 292 creatures vanquished

Notes
Turn   | Place    | Note
-------+----------+-------------------------------------------
     0 | D:1      | issech the Minotaur Monk began the quest for the Orb.
     0 | D:1      | Reached XP level 1. HP: 19/19 MP: 0/0
   312 | D:1      | Reached XP level 2. HP: 14/27 MP: 1/1
   582 | D:1      | Found a faded altar of an unknown god.
   726 | D:1      | Reached XP level 3. HP: 19/33 MP: 2/2
  1068 | D:2      | Reached skill level 1 in Armour
  1101 | D:2      | Reached XP level 4. HP: 39/40 MP: 3/3
  1749 | D:3      | Reached skill level 1 in Long Blades
  1773 | D:3      | Reached XP level 5. HP: 16/47 MP: 4/4
  2199 | D:3      | Noticed a sky beast
  2225 | D:3      | Killed a sky beast
  2645 | D:4      | Found Jeah's One-of-a-Kind Rings.
  2817 | D:4      | Reached XP level 6. HP: 53/53 MP: 5/5
  2853 | D:4      | Found a runed translucent door.
  2870 | D:4      | Noticed trickyswaf's ghost (amateur MiFi)
  3348 | D:4      | Found an ancient bone altar of Kikubaaqudgha.
  3726 | D:5      | Entered Level 5 of the Dungeon
  4267 | D:5      | Reached skill level 5 in Fighting
  4343 | D:5      | Reached XP level 7. HP: 16/61 MP: 6/6
  4747 | D:5      | Found a glowing golden altar of the Shining One.
  4827 | D:5      | Reached skill level 5 in Long Blades
  5121 | D:5      | Reached skill level 1 in Short Blades
  5261 | D:5      | Found a staircase to the Ecumenical Temple.
  5282 | Temple   | Entered the Ecumenical Temple
  5393 | Temple   | Became a worshipper of Hepliaklqana the Forgotten
  5393 | Temple   | Reached * piety under Hepliaklqana
  5393 | Temple   | Reached ** piety under Hepliaklqana
  5394 | Temple   | Remembered your ancestor Titus as a battlemage
  5928 | D:6      | Reached skill level 5 in Armour
  5931 | D:6      | Reached XP level 8. HP: 40/62 MP: 7/7
  6393 | D:6      | Reached skill level 1 in Slings
  6393 | D:6      | Reached skill level 5 in Dodging
  6455 | D:6      | Found a hide-covered altar of Uskayaw.
  6476 | D:6      | Reached skill level 1 in Throwing
  6726 | D:4      | Killed trickyswaf's ghost
  6857 | D:7      | Reached skill level 1 in Maces & Flails
  6876 | D:7      | Reached *** piety under Hepliaklqana
  6898 | D:7      | Noticed a cyclops
  6908 | D:7      | Killed a cyclops
  6909 | D:7      | Reached skill level 2 in Maces & Flails
  6909 | D:7      | Reached XP level 9. HP: 33/67 MP: 8/8
  6914 | D:7      | Noticed Menkaure
  7099 | D:7      | Killed Menkaure
  7100 | D:7      | Reached skill level 3 in Maces & Flails
  7137 | D:7      | Reached skill level 4 in Maces & Flails
  7220 | D:7      | Reached skill level 5 in Maces & Flails
  7237 | D:7      | Found a bloodstained altar of Trog.
  7413 | D:7      | Found Daeppawk's Weapon Shop.
  7778 | D:8      | Noticed a cyclops
  7778 | D:8      | Found an iron altar of Okawaru.
  7786 | D:8      | Killed a cyclops
  7787 | D:8      | Reached skill level 6 in Maces & Flails
  7983 | D:8      | Reached skill level 7 in Maces & Flails
  8054 | D:8      | Reached XP level 10. HP: 76/77 MP: 9/9
  8137 | D:8      | Found a broken altar of Ashenzari.
  8182 | D:8      | Reached skill level 8 in Maces & Flails
  8249 | D:8      | Found Xaqyr's Self-Improvement Boutique.
  9306 | D:9      | Identified the +1 plate armour of Leomo {+Blink rElec Str-5
                  | Int-4}
  9429 | D:9      | Reached **** piety under Hepliaklqana
  9437 | D:9      | Reached skill level 9 in Maces & Flails
  9548 | D:9      | Reached skill level 10 in Armour
 10459 | D:9      | Noticed Maurice
 10473 | D:9      | Killed Maurice
 10474 | D:9      | Reached skill level 10 in Maces & Flails
 10660 | D:10     | Entered Level 10 of the Dungeon
 10850 | D:10     | Found a snail-covered altar of Cheibriados.
 10857 | D:10     | Found a glowing silver altar of Zin.
 10981 | D:10     | Noticed a gargoyle
 10988 | D:10     | Killed a gargoyle
 11066 | D:10     | Found a radiant altar of Vehumet.
 11080 | D:10     | Found a sparkling altar of Nemelex Xobeh.
 11142 | D:10     | Reached XP level 11. HP: 49/87 MP: 10/10
 11485 | D:10     | Identified the +3 leather armour "Dauriduv" {Will+ Regen+
                  | rCorr Str+4}
 11746 | D:11     | Reached skill level 11 in Maces & Flails
 11750 | D:11     | Reached skill level 1 in Bows
 11896 | D:11     | Found a staircase to the Lair.
 12124 | D:11     | HP: 4/87 [manticore (16)]
 12558 | D:11     | Noticed a two-headed ogre
 12572 | D:11     | Killed a two-headed ogre
 12598 | D:11     | Reached skill level 5 in Bows
 12834 | D:11     | Found a staircase to the Orcish Mines.
 13116 | D:11     | Noticed an orc knight
 13126 | D:11     | Reached skill level 10 in Fighting
 13422 | D:11     | Killed an orc knight
 14084 | D:12     | Reached skill level 12 in Maces & Flails
 14266 | D:12     | Noticed Frances
 14286 | D:12     | Killed from afar by Frances

Illustrated notes

Levels and vault maps discovered:
D:1:      dpeg_arrival_yet_another_circle, layout_loops_ring,
          ebering_ecumenical_altar_sacrificial
D:2:      layout_rooms, chequers_serial_rivers_micro_b, roderic_three_in_a_row
D:3:      layout_loops_cross
D:4:      layout_basic, mainiacjoe_overflow_six_doors_small,
          ebering_ghost_sewer_d, nicolae_shop_unique_rings,
          palyth_stone_intersect, minivault_4, kennysheep_generic_room_13
D:5:      layout_basic, mainiacjoe_overflow_catwalk,
          minmay_temple_entry_gardened_gates, chequers_serial_rivers_small_a,
          hangedman_decor_riveting
D:6:      layout_rooms, mainiacjoe_overflow_surrounded_room, corner_web_ring,
          due_unseen_surprise
D:7:      layout_cave_pools, trog_ov_bears_minmay, serial_shops, shop,
          st_stairs_8, uniq_menkaure
D:8:      layout_loops_ring, mainiacjoe_overflow_alcove_2,
          nicolae_overflow_crystal_walls, nicolae_shop_self_help
D:9:      layout_irregular_city, uniq_maurice
D:10:     layout_big_octagon, nicolae_overflow_squiral,
          grunt_temple_overflow_open
D:11:     layout_roguey [special_room_orc], dpeg_oklobed_lair, erik_orc_3
D:12:     layout_loops_ring, uniq_erolcha, uniq_frances
Temple:   hc_temple_tempest_star

Skill      XL: |  1  2  3  4  5  6  7  8  9 10 11 |
---------------+----------------------------------+-----
Axes           | 4 |  4.8
Fighting       | 4 5 6 7 9 10 | 10.2
Armour         | 1 2 3 5 7 8 10 11 | 11.2
Dodging        | 4 5 |  5.5
Long Blades    | 1 3 4 5 |  5.9
Stealth        | 2 |  2.8
Short Blades   | 2 4 |  4.3
Slings         | 1 |  1.8
Throwing       | 1 2 3 |  3.0
Maces & Flails | 2 7 10 12 | 12.0
Bows           | 6 |  6.1

Action                   |  1- 3 |  4- 6 |  7- 9 | 10-12 || total
-------------------------+-------+-------+-------+-------++-------
Melee: Hand axe          |    51 |       |       |       ||    51
       Headbutt          |    12 |    22 |    29 |    54 ||   117
       Punch             |     2 |       |     2 |       ||     4
       Long sword        |     8 |   134 |       |       ||   142
       Dagger            |       |     3 |    66 |       ||    69
       Dire flail        |       |       |    92 |   214 ||   306
       Shortbow          |       |       |       |     2 ||     2
 Fire: Fustibalus        |       |       |     5 |       ||     5
       Shortbow          |       |       |       |   100 ||   100
Throw: Stone             |       |     1 |     5 |     1 ||     7
       Boomerang         |       |       |       |    14 ||    14
Invok: Ancestor Life: Ba |       |       |     1 |       ||     1
  Use: Scroll            |       |       |     6 |     8 ||    14
 Stab: Sleeping          |       |     1 |       |       ||     1
       Distracted        |       |       |     1 |     4 ||     5
Armor: Leather armour    |     6 |       |       |       ||     6
       Ring mail         |     1 |    28 |       |       ||    29
       Scale mail        |       |    15 |       |       ||    15
       Chain mail        |       |    10 |    68 |       ||    78
       Plate armour      |       |       |    19 |   162 ||   181
Dodge: Dodged            |    37 |    74 |    68 |   111 ||   290
       Repelled          |       |       |       |     2 ||     2
